 Dungeon Crawl Stone Soup version 0.24-a0-201-gf205589 (webtiles) character file.

Game seed: 18356071380615265346

15640 Ijustatesigmund the Covert (level 12, -7/84 HPs)
             Began as an Octopode Assassin on Mar 21, 2019.
             Was an Elder of Okawaru.
             Mangled by an orc knight
             ... wielding a +0 great sword
              (24 damage)
             ... on level 1 of the Orcish Mines.
             The game lasted 01:00:21 (19857 turns).

Ijustatesigmund the Covert (Octopode Assassin)     Turns: 19857, Time: 01:00:22

Health: -7/84      AC:  3    Str: 17    XL:     12   Next: 29%
Magic:  18/19      EV: 24    Int: 10    God:    Okawaru [****..]
Gold:   708        SH:  0    Dex: 24    Spells: 7/11 levels left

rFire    . . .     SeeInvis +   b - +1 blowgun
rCold    + . .     Gourm    .   (no shield)
rNeg     . . .     Faith    .   o - +2 hat {MR+}
rPois    .         Spirit   .   (no amulet)
rElec    +         Reflect  .   j - +5 ring of strength
rCorr    +         Harm     .   k - ring of flight
MR       +....                  q - ring of resist corrosion
Stlth    +++++++++.             h - ring of stealth
HPRegen  0.24/turn              A - ring of see invisible
MPRegen  0.16/turn              J - ring of the Coward {rElec rC+ Int-5 Dex+9 SInv}
                                (no ring)
                                (no ring)

@: heroism
A: almost no armour, stealthy swim, amphibious, 8 rings, constrict 8, camouflage
1, sense surroundings 1, robust 1, gelatinous body 1
a: Heroism, Renounce Religion, Evoke Flight


You were on level 1 of the Orcish Mines.
You worshipped Okawaru.
Okawaru was greatly pleased with you.
You were hungry.

You visited 3 branches of the dungeon, and saw 13 of its levels.
You also visited: Ossuary.

You collected 708 gold pieces.

Inventory:

Hand Weapons
 a - a +3 dagger
 b - a +1 blowgun (weapon)
 i - a +0 rapier
 E - a +2 scimitar
Missiles
 c - 46 poisoned needles
 d - 2 curare-tipped needles (quivered)
 s - 2 javelins of returning
 D - 5 javelins of penetration
Armour
 o - a +2 hat of magic resistance (worn)
Jewellery
 h - a ring of stealth (on tentacle)
 j - a +5 ring of strength (left tentacle)
 k - a ring of flight (right tentacle)
 q - a ring of resist corrosion (on tentacle)
 A - a ring of see invisible (on tentacle)
 J - the ring of the Coward (on tentacle) {rElec rC+ Int-5 Dex+9 SInv}
   (You found it on level 10 of the Dungeon)

   [ring of protection from cold]

   It affects your intelligence (-5).
   It affects your dexterity (+9).
   It protects you from cold.
   It insulates you from electricity.
   It lets you see invisible.
Wands
 p - a wand of flame (12)
 y - a wand of acid (1)
Scrolls
 l - 5 scrolls of remove curse
 m - a scroll of immolation
 t - 2 scrolls of enchant armour
 x - a scroll of teleportation
 G - a scroll of blinking
Potions
 e - 2 potions of mutation
 g - 4 potions of brilliance
 n - 4 potions of flight
 u - 3 potions of magic
 w - a potion of agility
 z - 2 potions of lignification
 C - a potion of resistance
 F - 2 potions of cancellation
 I - a potion of curing
Miscellaneous
 v - a box of beasts
Comestibles
 f - 18 rations


   Skills:
 - Level 5.5(10.5) Fighting
 + Level 8.7(13.7) Short Blades
 + Level 7.9(12.9) Throwing
 - Level 5.9(10.9) Dodging
 - Level 10.3(15.3) Stealth
 - Level 6.6 Translocations
 + Level 10.0 Invocations
 - Level 6.1 Evocations


You had 7 spell levels left.
You knew the following spells:

 Your Spells              Type           Power        Failure   Level  Hunger
a - Apportation           Tloc           ##....       2%          1    ##.....
b - Gell's Gravitas       Tloc           ##........   8%          3    ####...

Your spell library contained the following spells:

 Spells                   Type           Power        Failure   Level  Hunger
 Portal Projectile        Hex/Tloc       #.....       30%         3    ####...
 Animate Skeleton         Necr           N/A          36%         1    ##.....
 Confusing Touch          Hex            #.....       36%         1    ##.....
 Corona                   Hex            #......      36%         1    ##.....
 Pain                     Necr           #...         36%         1    ##.....
 Summon Small Mammal      Summ           #...         36%         1    ##.....
 Slow                     Hex            #.......     50%         2    ###....
 Confuse                  Hex            #.......     75%         3    ####...
 Inner Flame              Hex/Fire       #.......     75%         3    ####...
 Regeneration             Chrm/Necr      #.........   75%         3    ####...
 Vampiric Draining        Necr           #.........   75%         3    ####...
 Animate Dead             Necr           N/A          98%         4    #####..
 Cause Fear               Hex            #.........   98%         4    #####..
 Leda's Liquefaction      Hex/Erth       #.........   98%         4    #####..
 Petrify                  Tmut/Erth      #.......     98%         4    #####..
 Metabolic Englaciation   Hex/Ice        #.........   100%        5    ######.
 Yara's Violent Unravell  Hex/Tmut       #.........   100%        5    ######.


Dungeon Overview and Level Annotations

Branches:
Dungeon (10/15)            Temple (1/1) D:4             Orc (2/2) D:10
   Lair: D:8-11         Elf: Orc:2

Altars:
Ashenzari
Cheibriados
Dithmenos
Elyvilon
Fedhas
Gozag
Hepliaklqana
Kikubaaqudgha
Makhleb
Nemelex Xobeh
Okawaru
Qazlal
Ru
Sif Muna
Trog
Uskayaw
Vehumet
Wu Jian
Xom
Yredelemnul
Zin
The Shining One

Shops:
D:9 (

Annotations:
D:8 2 transporters, galech's ghost, novice DsFi


Innate Abilities, Weirdness & Mutations

You cannot wear most types of armour.
You are very stealthy in the water. (Stealth+)
You are amphibious.
You can wear up to eight rings at the same time.
You can use your tentacles to constrict eight enemies at once.
Your skin changes colour to match your surroundings (Stealth+).
Your rubbery body absorbs attacks. (AC +1, EV +1)
You passively map a small area around you.
You are robust. (+10% HP)


Message History

The orc knight is heavily wounded.
You constrict the orc knight.
Evoke which item? (* to show all) (? for menu, Esc to quit)
Okay, then.
Wield which item (- for none, * to show all)? (? for menu, Esc to quit)
b - a +1 blowgun (weapon)
You constrict the orc knight.
Quiver which item? (- for none, * to show all) (? for menu, Esc to quit)
Quivering
d - 3 curare-tipped needles for blowguns.
Firing (i - inventory. (/) - cycle)
d - 3 curare-tipped needles (quivered)
Press: ? - help, Shift-Dir - straight line, f - orc knight
Aim: an orc knight, wielding a +0 great sword and wearing a +0 chain mail (heavily wounded, constricted by you)
You shoot a curare-tipped needle.
The curare-tipped needle hits the orc knight.
The orc knight is poisoned.
The orc knight convulses.
The orc knight seems to slow down.
The orc knight is severely wounded.
You constrict the orc knight, but do no damage.
The orc knight hits you with a +0 great sword!!
You die...

#.......#.......#......
##.............#.#..#.#
##...................#.#
##...............#.......
#.....................#.#
##................##......
#......................#.#
##.....)[.........##...###
#.....[)@o.......##..##
##......)........#....#
#...#........#.#.....##
##.....#.#............#
##....................######
#....#)<()#.............##.#
##.....(([..................
###.................#......
###.................#.##.#


You could see an orc knight.

Vanquished Creatures
  Gastronok (D:8)
  4 two-headed ogres
  An orc high priest (D:10)
  An ugly thing (D:10)
  Psyche (D:8)
  2 trolls
  3 hornets
  Prince Ribbit (D:8)
  6 hippogriffs
  A wyvern (D:9)
  A steam dragon (D:10)
  Menkaure (D:7)
  A hungry ghost (D:8)
  Edmund (D:5)
  2 soldier ants (D:9)
  4 wargs
  12 orc warriors
  2 ice beasts (D:8)
  An eye of draining (D:9)
  4 phantoms
  5 ogres
  4 centaurs
  6 bullfrogs
  A big kobold (D:9)
  6 water moccasin zombies (Ossuary)
  2 scorpions
  6 killer bees
  2 wights
  5 howler monkeys
  3 centaur zombies
  4 crimson imps
  3 bullfrog zombies
  6 hounds
  2 jellies
  A quasit (D:10)
  10 orc priests
  3 bullfrog skeletons
  9 worker ants
  10 orc wizards
  6 iguanas
  A killer bee zombie (D:8)
  4 big kobold zombies (Ossuary)
  2 mummies (Ossuary)
  2 hound zombies (D:8)
  3 hound skeletons
  2 worker ant zombies
  A howler monkey zombie (D:8)
  A killer bee simulacrum (D:8)
  10 adders
  12 gnolls
  4 shadow imps
  2 oozes
  6 adder zombies
  2 adder skeletons
  2 worms
  A dart slug (D:2)
  8 leopard geckos
  31 orcs
  2 ball pythons
  10 giant cockroaches
  7 goblins
  8 hobgoblins
  8 jackals
  10 kobolds
  12 quokkas
  7 bats
  6 frilled lizards
  3 gnoll zombies (Ossuary)
  6 hobgoblin zombies (Ossuary)
  A jackal zombie (D:8)
  5 kobold zombies (Ossuary)
  6 orc zombies (Ossuary)
  A quokka skeleton (D:6)
  3 quokka zombies
  4 rats
  A rat zombie (D:5)
  A plant (D:2)
339 creatures vanquished.

Vanquished Creatures (collateral kills)
  An orc warrior (D:8)
  2 wights (D:8)
  A worker ant zombie (D:8)
4 creatures vanquished.

Vanquished Creatures (others)
  5 dream sheep (D:4)
  A worm (D:2)
6 creatures vanquished.

Grand Total: 349 creatures vanquished

Notes
Turn   | Place    | Note
-------+----------+-------------------------------------------
     0 | D:1      | Ijustatesigmund the Octopode Assassin began the quest for
                  | the Orb.
     0 | D:1      | Reached XP level 1. HP: 14/14 MP: 1/1
   249 | D:1      | Reached XP level 2. HP: 16/19 MP: 2/2
   434 | D:1      | Gained mutation: You are robust. (+10% HP) [potion of
                  | mutation]
   434 | D:1      | Gained mutation: You passively map a small area around you.
                  | [potion of mutation]
   721 | D:1      | Reached XP level 3. HP: 26/26 MP: 3/3
  1358 | D:2      | Reached XP level 4. HP: 31/31 MP: 4/4
  1520 | D:2      | Found a radiant altar of Vehumet.
  1565 | D:2      | Found an ancient bone altar of Kikubaaqudgha.
  2002 | D:2      | Reached XP level 5. HP: 37/37 MP: 5/5
  2135 | D:3      | Found a stormy altar of Qazlal.
  2204 | D:3      | Found a faded altar of an unknown god.
  2654 | D:3      | Found a shimmering altar of Xom.
  2656 | D:3      | Found a shattered altar of Ashenzari.
  3743 | D:5      | Entered Level 5 of the Dungeon
  3760 | D:5      | Found a sacrificial altar of Ru.
  3838 | D:5      | Found a bloodstained altar of Trog.
  3848 | D:5      | Learned a level 1 spell: Apportation
  3873 | D:5      | Reached skill level 1 in Translocations
  3875 | D:5      | Reached XP level 6. HP: 33/42 MP: 6/6
  4025 | D:5      | Noticed Edmund
  4048 | D:5      | Killed Edmund
  4062 | D:5      | Reached XP level 7. HP: 35/49 MP: 7/7
  4138 | D:5      | Found a sand-covered staircase.
  4146 | Ossuary  | Entered an ossuary
  4190 | Ossuary  | Reached skill level 5 in Translocations
  5232 | Ossuary  | Reached XP level 8. HP: 55/55 MP: 8/8
  5545 | D:4      | Noticed a dream sheep
  5545 | D:4      | Noticed a dream sheep
  5545 | D:4      | Noticed a dream sheep
  5545 | D:4      | Noticed a dream sheep
  5545 | D:4      | Noticed a dream sheep
  5545 | D:4      | Found a shimmering altar of Xom.
  5550 | D:4      | Killed a dream sheep
  5551 | D:4      | Killed a dream sheep
  5552 | D:4      | Killed a dream sheep
  5552 | D:4      | Killed a dream sheep
  5553 | D:4      | Killed a dream sheep
  6067 | D:4      | Reached skill level 5 in Short Blades
  7267 | D:4      | Reached skill level 1 in Evocations
  7435 | D:4      | Found a staircase to the Ecumenical Temple.
  7771 | D:5      | Noticed a two-headed ogre
  7797 | D:5      | Killed a two-headed ogre
  7797 | D:5      | Reached XP level 9. HP: 63/63 MP: 9/12
  7802 | D:5      | Learned a level 3 spell: Gell's Gravitas
  7974 | Temple   | Entered the Ecumenical Temple
  8171 | Temple   | Became a worshipper of Warmaster Okawaru
  8400 | D:6      | Reached skill level 1 in Invocations
  8400 | D:6      | Reached skill level 5 in Evocations
  9108 | D:7      | Found an ornate altar of the Wu Jian Council.
  9126 | D:7      | HP: 1/63 [something (7)]
  9718 | D:7      | Reached * piety under Okawaru
  9718 | D:7      | Reached skill level 10 in Stealth
  9972 | D:7      | Found a glowing silver altar of Zin.
  9972 | D:7      | Found a sparkling altar of Nemelex Xobeh.
  9973 | D:7      | Found a hide-covered altar of Uskayaw.
  9981 | D:7      | Noticed Menkaure
  9990 | D:7      | Killed Menkaure
 10436 | D:7      | Found a deep blue altar of Sif Muna.
 10448 | D:7      | Reached XP level 10. HP: 31/71 MP: 14/14
 11318 | D:8      | Noticed Prince Ribbit
 11319 | D:8      | Noticed Psyche
 11321 | D:8      | Killed Prince Ribbit
 11397 | D:8      | Killed Psyche
 11397 | D:8      | Reached skill level 5 in Fighting
 11397 | D:8      | Reached skill level 5 in Invocations
 11474 | D:8      | Reached ** piety under Okawaru
 11821 | D:8      | Identified the +9 dire flail of Fate {crush, SInv}
 11821 | D:8      | Identified the +6 great mace "Houci" {crush, Fragile rPois
                  | MR+ Str+4}
 11821 | D:8      | Noticed a two-headed ogre
 11821 | D:8      | Noticed galech's ghost (novice DsFi)
 11822 | D:8      | Found a transporter.
 11829 | D:8      | Noticed Gastronok
 11837 | D:8      | Found a transporter.
 12030 | D:8      | Found a basalt altar of Yredelemnul.
 12354 | D:9      | Noticed a two-headed ogre
 12677 | D:8      | Noticed a two-headed ogre
 12822 | D:8      | Killed a two-headed ogre
 12822 | D:8      | Reached *** piety under Okawaru
 13027 | D:8      | Reached XP level 11. HP: 50/79 MP: 14/16
 13470 | D:8      | Reached skill level 5 in Dodging
 13749 | D:8      | Received a gift from Okawaru
 14162 | D:8      | Killed Gastronok
 14162 | D:8      | Reached skill level 5 in Throwing
 14436 | D:9      | Found Ettapran's Weapon Shop.
 15030 | D:9      | Killed a two-headed ogre
 15030 | D:9      | Reached **** piety under Okawaru
 15413 | D:10     | Entered Level 10 of the Dungeon
 15490 | D:10     | Noticed a two-headed ogre
 15496 | D:10     | Killed a two-headed ogre
 15579 | D:10     | Got a steaming bronze ring
 15580 | D:10     | Identified the ring of the Coward {rElec rC+ Int-5 Dex+9
                  | SInv} (You found it on level 10 of the Dungeon)
 16916 | D:10     | Found a staircase to the Orcish Mines.
 16964 | D:10     | Reached XP level 12. HP: 53/84 MP: 19/19
 17830 | Orc:1    | Entered Level 1 of the Orcish Mines
 17834 | Orc:1    | Noticed an orc high priest
 17851 | D:10     | Received a gift from Okawaru
 18487 | D:10     | Killed an orc high priest
 19136 | Orc:2    | Entered Level 2 of the Orcish Mines
 19151 | Orc:1    | Reached skill level 10 in Invocations
 19857 | Orc:1    | Mangled by an orc knight

Levels and vault maps discovered:
D:1:      dpeg_arrival_rhombus, layout_loops_corners
D:2:      wad_woods_settlement, layout_basic, kiku_gazebo_pond_becter,
          fiery_altar_vehumet, first_ration, minmay_heptomino_l4
D:3:      layout_loops_cross, overflow_temple_1_default,
          chequers_temple_overflow_statue_of_worship,
          chequers_ecumenical_altar_simple_redux
D:4:      layout_basic, minmay_temple_entry_from_below_a, serial_curves,
          eino_curves_03, eino_curves_02, kb_xom_exploding_sheep
D:5:      layout_basic, nicolae_ru_sacrificial_ziggurat, bloody_trog,
          enter_ossuary_3, uniq_edmund
D:6:      layout_loops_corners, st_stairs_6
D:7:      layout_basic, kennysheep_mini_moat, lemuel_crystal_altar,
          gammafunk_temple_overflow_claw, uniq_menkaure
D:8:      cheibrodos_ideogram_h, layout_basic, marbit_many_paths,
          gammafunk_ghost_smash, uniq_gastronok, uniq_prince_ribbit1,
          uniq_psyche
D:9:      layout_roguey, serial_shops, nicolae_shop_behind_doors,
          hangedman_pestilent_swarm, minmay_misc_feat_enclosed,
          kennysheep_kite_vault
D:10:     layout_cave_pools, david_orc_1_choice
Temple:   compressed_dpeg_triangle_lava_temple
Orc:1:    layout_caves
Orc:2:    st_orc_mages, layout_diamond_mine, gammafunk_ghost_wrathful_warriors
Ossuary:  ossuary_tomb_2

Skill      XL: |  1  2  3  4  5  6  7  8  9 10 11 12 |
---------------+-------------------------------------+-----
Dodging        | 2 4 5 |  5.9
Short Blades   | 3 4 5 6 8 |  8.7
Stealth        | 6 9 10 | 10.3
Translocations | 1 4 6 |  6.6
Fighting       | 3 4 5 |  5.5
Evocations     | 4 6 |  6.1
Invocations    | 4 7 9 10 | 10.0
Throwing       | 4 7 |  7.9

Action                   |  1- 3 |  4- 6 |  7- 9 | 10-12 || total
-------------------------+-------+-------+-------+-------++-------
Melee: Dagger            |    75 |    99 |   294 |   570 ||  1038
       Constrict         |    12 |    22 |    74 |    73 ||   181
       Tentacles         |    11 |    22 |    83 |   192 ||   308
       Punch             |       |       |       |     5 ||     5
 Fire: Blowgun           |     5 |    18 |    62 |    76 ||   161
Throw: Javelin           |       |       |       |     7 ||     7
 Cast: Apportation       |       |       |     1 |     4 ||     5
       Gell's Gravitas   |       |       |       |     1 ||     1
Invok: Heroism           |       |       |     1 |    18 ||    19
Evoke: Wand              |       |     3 |    23 |    20 ||    46
       Box of beasts     |       |       |       |     1 ||     1
  Use: Scroll            |     5 |     4 |     8 |    12 ||    29
       Potion            |     1 |       |    14 |     8 ||    23
 Stab: Sleeping          |     8 |    23 |    18 |    33 ||    82
       Distracted        |     1 |       |       |       ||     1
       Paralysed         |       |       |       |     3 ||     3
  Eat: Chunk             |     1 |     9 |     6 |     9 ||    25
       Ration            |       |       |     4 |     7 ||    11
Armor: Skin              |       |     2 |     7 |    40 ||    49
Dodge: Dodged            |    28 |    34 |   178 |   341 ||   581

Table legend:
 A = Non-vault XP
 B = Vault XP
 C = Vault XP percentage of total XP
 D = Non-vault monster count
 E = Vault monster count
 F = Vault count percentage of total count
                 A         B        C        D         E       F
            +---------+---------+-------+---------+---------+-------
      Total |   12607 |    9737 |  43.6 |     237 |     106 |  30.9
            +---------+---------+-------+---------+---------+-------
        D:1 |      43 |       0 |   0.0 |      14 |       0 |   0.0
        D:2 |      39 |      83 |  68.0 |      22 |      10 |  31.2
        D:3 |     123 |       0 |   0.0 |      28 |       0 |   0.0
        D:4 |     687 |       0 |   0.0 |      26 |       0 |   0.0
        D:5 |    1174 |     165 |  12.3 |      20 |       2 |   9.1
        D:6 |     176 |       8 |   4.3 |       4 |       2 |  33.3
        D:7 |    1597 |     172 |   9.7 |      37 |       1 |   2.6
        D:8 |    1075 |    5387 |  83.4 |      19 |      27 |  58.7
        D:9 |    1338 |    2430 |  64.5 |      22 |      18 |  45.0
       D:10 |    5372 |     816 |  13.2 |      28 |       9 |  24.3
      Orc:1 |     896 |       0 |   0.0 |      13 |       0 |   0.0
      Orc:2 |      87 |       0 |   0.0 |       4 |       0 |   0.0
    Ossuary |       0 |     676 | 100.0 |       0 |      37 | 100.0
            +---------+---------+-------+---------+---------+-------
